 Dungeon Crawl Stone Soup version 0.26-a0-859-gf57989e088 (webtiles) character file.

Game seed: 14033135138794314359

390 Conn the Firebug (level 6, -10/37 HPs)
             Began as an Octopode Fire Elementalist on Nov 25, 2020.
             Killed from afar by DerDa's ghost (18 damage)
             ... with a stone arrow
             ... on level 4 of the Dungeon.
             The game lasted 00:09:47 (5600 turns).

Conn the Firebug (Octopode Fire Elementalist)       Turns: 5600, Time: 00:09:48

Health: -10/37     AC:  1    Str:  8    XL:     6   Next: 80%
Magic:  0/11       EV: 14    Int: 19    God:
Gold:   218        SH:  0    Dex: 12    Spells: 0/11 levels left

rFire    . . .     SeeInvis .   j - +0 mace (protect)
rCold    . . .     Faith    .   (no shield)
rNeg     . . .     Spirit   +   (helmet restricted)
rPois    .         Reflect  .   y - amulet of guardian spirit
rElec    .         Harm     .   w - ring of wizardry
rCorr    .         Rampage  .   (no ring)
MR       .....                  (no ring)
Stlth    +++.......             (no ring)
HPRegen  0.12/turn              (no ring)
MPRegen  0.12/turn              (no ring)
                                (no ring)
                                (no ring)

@: about to teleport, hasted, very quick
A: almost no armour, stealthy swim, amphibious, 8 rings, constrict 8, camouflage
1, gelatinous body 1
a: no special abilities


You were on level 4 of the Dungeon.
You visited 1 branch of the dungeon, and saw 4 of its levels.

You collected 218 gold pieces.

Inventory:

Hand Weapons
 j - a +0 mace of protection (weapon)
 u - a +2 flail of holy wrath
Missiles
 a - 16 sling bullets
 d - 12 poisoned darts (quivered)
Jewellery
 w - a ring of wizardry (left tentacle)
 y - an amulet of guardian spirit (around mantle)
Wands
 A - a wand of flame (12)
 B - a wand of random effects (11)
Scrolls
 e - 5 scrolls of identify
 f - a scroll of enchant weapon {unknown}
 h - a scroll of fog
 p - a scroll of random uselessness {unknown}
 q - a scroll of magic mapping {unknown}
 s - a scroll of amnesia
 v - 3 scrolls of remove curse
 C - a scroll of enchant armour {unknown}
 D - a scroll of fear {unknown}
Potions
 b - 2 potions of attraction {unknown}
 c - 2 potions of haste
 i - a potion of might
 k - 2 potions of ambrosia {unknown}
 l - a potion of berserk rage {unknown}
 m - 2 potions of resistance {unknown}
 n - a potion of flight {unknown}
 o - 3 potions of curing {unknown}
 r - a potion of brilliance {unknown}
 t - 2 potions of heal wounds {unknown}
 x - a potion of mutation {unknown}
 z - 2 potions of cancellation {unknown}


   Skills:
 + Level 0.4 Fighting
 + Level 1.1 Maces & Flails
 + Level 2.8 Dodging
 + Level 4.0 Stealth
 * Level 3.4 Spellcasting
 * Level 3.3 Conjurations
 + Level 4.5 Fire Magic


You couldn't memorise any spells.
You knew the following spells:

 Your Spells              Type           Power        Failure   Level
a - Foxfire               Conj/Fire      ###.         1%          1
b - Conjure Flame         Conj/Fire      ###.....     3%          3
c - Inner Flame           Hex/Fire       ##......     7%          3
d - Sticky Flame          Conj/Fire      ###.....     12%         4

Your spell library contained the following spells:

 Spells                   Type           Power        Failure   Level
 Fireball                 Conj/Fire      ###.......   32%         5


Dungeon Overview and Level Annotations

Branches:
Dungeon (4/15)
 Temple: D:4-7

Altars:
Zin
Beogh

Annotations:
D:4 DerDa's ghost, amateur FoEE


Innate Abilities, Weirdness & Mutations

You cannot wear most types of armour.
You are very stealthy in the water. (Stealth+)
You are amphibious.
You can wear up to eight rings at the same time.
You can use your tentacles to constrict eight enemies at once.
Your skin changes colour to match your surroundings (Stealth+).
Your rubbery body absorbs attacks. (AC +1, EV +1)


Message History

DerDa's ghost is lightly damaged.
DerDa's ghost hits you!
DerDa's ghost shrieks, "You will never get the ORB!"
DerDa's ghost hits you but does no damage.
You hit DerDa's ghost. Your squeeze misses DerDa's ghost.
DerDa's ghost is lightly damaged.
DerDa's ghost points at you and mumbles some strange words.
The stone arrow hits you!
* * * LOW HITPOINT WARNING * * *
Really walk into that dispersal trap?
You enter a dispersal trap!
You blink.
Okay, then.
As you read the scroll of teleportation, it crumbles to dust.
You feel strangely unstable.
It was a potion of haste.
You feel yourself speed up.
DerDa's ghost gestures at you while chanting.
The stone arrow misses you. DerDa's ghost casts a spell at you.
The stone arrow hits you!!
You die...

#....W.######.#
#...#### ##...#
#.### ###..### #.#
#...####### #8#
##.###.....#
..#####..# #.....#
.......W## #^.†..#
........####.....#
..#.....#..)....@#
..#.......##.....#
..#.....####.....#
........# #..W..#
........# #.#####
.#......####.#
##...#####...#
##...## #.#####
...#..####.##..#


You could see DerDa's ghost.

Vanquished Creatures
  A hound (D:4)
  An orc priest (D:3)
  A worker ant (D:2)
  2 hound skeletons
  8 adders
  7 gnolls
  An ooze (D:3)
  An adder skeleton (D:4)
  4 worms
  9 dart slugs
  3 leopard geckos
  11 orcs
  7 giant cockroaches
  4 hobgoblins
  9 jackals
  5 kobolds
  8 bats
  3 frilled lizards
  10 goblins
  A leopard gecko skeleton (D:4)
  6 rats
102 creatures vanquished.

Vanquished Creatures (others)
  260 foxfires
260 creatures vanquished.

Grand Total: 362 creatures vanquished

Notes
Turn   | Place    | Note
-------+----------+-------------------------------------------
     0 | D:1      | Conn the Octopode Fire Elementalist began the quest for the
                  | Orb.
     0 | D:1      | Reached XP level 1. HP: 11/11 MP: 3/3
   393 | D:1      | Reached XP level 2. HP: 12/17 MP: 0/5
  1207 | D:1      | Reached XP level 3. HP: 21/21 MP: 4/6
  2100 | D:2      | Learned a level 3 spell: Conjure Flame
  2117 | D:2      | Reached XP level 4. HP: 27/27 MP: 4/7
  2927 | D:2      | Reached skill level 1 in Maces & Flails
  2927 | D:2      | Reached XP level 5. HP: 23/31 MP: 3/9
  3849 | D:3      | Learned a level 3 spell: Inner Flame
  3888 | D:3      | Reached XP level 6. HP: 27/37 MP: 6/10
  5361 | D:4      | Found a glowing silver altar of Zin.
  5484 | D:4      | Found a runed translucent gate.
  5485 | D:4      | Found a runed translucent gate.
  5485 | D:4      | Noticed DerDa's ghost (amateur FoEE)
  5486 | D:4      | Found a runed translucent gate.
  5488 | D:4      | Found a roughly hewn altar of Beogh.
  5507 | D:4      | Learned a level 4 spell: Sticky Flame
  5600 | D:4      | Killed from afar by DerDa's ghost

Illustrated notes

Levels and vault maps discovered:
D:1:      dpeg_arrival_long_road, layout_loops_ring
D:2:      layout_loops_ring, minmay_nonomino_d4
D:3:      kennysheep_slugbush, layout_loops_ring
D:4:      layout_rooms, kennysheep_mini, biasface_ghost_orc_armoury

Skill      XL: |  1  2  3  4  5  6 |
---------------+-------------------+-----
Stealth        | 3 4 |  4.0
Fire Magic     | 4 |  4.5
Maces & Flails | 1 |  1.1
Conjurations   | 2 3 |  3.3
Spellcasting   | 3 |  3.4
Fighting       | |  0.4
Dodging        | |  2.8

Action                   |  1- 3 |  4- 6 || total
-------------------------+-------+-------++-------
Melee: Unarmed           |    15 |       ||    15
       Constrict         |     6 |    16 ||    22
       Tentacles         |     5 |    14 ||    19
       Mace              |    14 |    77 ||    91
 Cast: Foxfire           |    42 |   116 ||   158
       Conjure Flame     |       |     1 ||     1
  Use: Scroll            |       |     6 ||     6
       Potion            |       |     1 ||     1
 Stab: Sleeping          |     2 |     3 ||     5
       Distracted        |       |     1 ||     1
Armor: Skin              |    12 |    26 ||    38
Dodge: Dodged            |    42 |    72 ||   114

Table legend: (Time is in decaauts)
 A = Elapsed time spent in this place.
 B = Non-inter-level travel time spent in this place.
 C = Inter-level travel time spent in this place.
 D = Time resting spent in this place.
 E = Time spent auto-exploring this place.
 F = Levels seen in this place.
 G = Mean time per level.
                   A        B        C        D        E       F      G
               +--------+--------+--------+--------+--------+-----+--------+
         Total |   5630 |   5546 |     84 |   1662 |   2610 |   4 | 1407.5 |
       Dungeon |   5630 |   5546 |     84 |   1662 |   2610 |   4 | 1407.5 |
               +--------+--------+--------+--------+--------+-----+--------+

Top non-repeatable levels by time:
     D:2: 1991 daAuts
     D:1: 1487 daAuts
     D:3: 1378 daAuts
     D:4: 773 daAuts
